Map: Dreamcatcher LE

Players

LiquidTLO (TLO) - Winner!

  • Race: Zerg Zerg
  • Spawn Location: 5:00

DeMusliM

  • Race: Terran Terran
  • Spawn Location: 11:00

Event: WCS Valencia 2018

VOD

Have the link to the VOD?

Description

Time

  • Played on: July 12, 2018, 9:17 a.m.
  • Length: 6:43

All games in this series

Show
View Real Time Build Order
Export as new Build Order

LiquidTLO Zerg - Winner!

Build Orders: Pool First 

Get SALT Encoding   

  12  0:00  Drone  
  13  0:08  Drone  
  14  0:17  Overlord  
  14  0:35  Drone x2  
  15  0:40  Spawning Pool  
  15  0:43  Drone  
  15  0:47  Drone  
  17  1:09  Hatchery  
  16  1:12  Drone  
  17  1:25  Extractor  
  17  1:27  Zergling x4  
  17  1:29  Zergling x2  
  19  1:33  Queen  
  21  1:40  Overlord  
  21  1:52  Drone  
  22  2:06  Drone  
  23  2:11  Queen  
  23  2:13  Drone  
  26  2:31  Drone  
  26  2:32  Drone  
  26  2:33  Drone  
  28  2:37  Drone  
  28  2:43  Hatchery  
  26  2:44  Drone  
  26  2:48  Drone  
  28  2:53  Metabolic Boost  
  28  2:55  Drone  
  28  2:58  Drone  
  30  3:01  Drone  
  31  3:07  Drone  
  31  3:11  Overlord  
  32  3:15  Drone x2  
  32  3:16  Drone  
  35  3:20  Drone  
  36  3:31  Drone x2  
  36  3:32  Queen  
  36  3:33  Drone  
  41  3:36  Zergling x2  
  41  3:38  Zergling x2  
  43  3:43  Zergling x2  
  43  3:44  Evolution Chamber  
  43  3:50  Overlord  
  43  3:55  Evolution Chamber  
  43  3:56  Queen, Drone x2  
  43  3:59  Drone x2  
  48  4:04  Drone  
  48  4:06  Zergling x2  
  48  4:09  Drone  
  51  4:12  Baneling Nest  
  51  4:14  Zerg Ground Armor Level 1  
  51  4:15  Drone  
  52  4:17  Drone  
  52  4:19  Overlord  
  52  4:21  Drone  
  52  4:24  Zergling x4  
  56  4:28  Overlord  
  56  4:32  Overlord  
  56  4:33  Overlord  
  56  4:38  Spore Crawler  
  56  4:40  Overlord  
  56  4:43  Extractor  
  56  4:44  Overlord  
  53  4:45  Zergling x2  
  53  4:47  Zergling x2  
  53  4:49  Zergling x2  
  53  4:50  Zergling x2  
  57  4:53  Zergling x2  
  57  4:56  Zergling x6  
  57  4:57  Baneling  
  57  4:58  Baneling x2  
  57  4:59  Zergling x2  
  59  5:01  Zergling x2  
  59  5:03  Zergling x2  
  59  5:06  Zergling x2  
  62  5:09  Baneling x2  
  62  5:13  Zergling x2  
  61  5:15  Zergling x2  
  61  5:16  Zergling x6  
  61  5:17  Zergling x2  
  61  5:18  Zergling x2  
  61  5:20  Zergling x2  
  66  5:21  Baneling x2  
  66  5:22  Zergling x2  
  66  5:26  Queen  
  66  5:28  Zergling x2  
  65  5:37  Zergling x4  
  65  5:39  Zergling x2  
  65  5:41  Zergling x2  
  65  5:43  Zergling x2, Queen  
  65  5:47  Queen  
  65  5:48  Zergling x2  
  71  5:57  Zergling x4  
  72  5:59  Zergling x2  
  72  6:03  Baneling x8  
  72  6:04  Zergling x2  
  72  6:07  Zergling x2  
  72  6:10  Baneling x2  
  72  6:12  Overlord  
  72  6:16  Baneling  
  74  6:18  Zergling x4  
Show
View Real Time Build Order
Export as new Build Order

DeMusliM Terran 

Build Orders: Hellion Opening, Reaper Expand 

Get SALT Encoding   

  12  0:00  SCV  
  13  0:12  SCV  
  14  0:17  Supply Depot  
  14  0:25  SCV  
  15  0:38  SCV  
  15  0:40  Barracks  
  16  0:45  Refinery  
  16  0:51  SCV  
  17  1:03  SCV  
  18  1:15  SCV  
  19  1:27  Reaper  
  19  1:28  Orbital Command  
  20  1:40  Command Center  
  20  1:47  Supply Depot  
  20  1:53  SCV  
  21  1:59  Marine  
  22  2:05  SCV  
  23  2:10  Factory  
  23  2:14  Refinery  
  23  2:17  SCV  
  23  2:21  Barracks Reactor  
  24  2:29  SCV  
  24  2:44  SCV  
  25  2:56  Starport, SCV  
  26  3:01  Orbital Command  
  26  3:05  Hellion  
  28  3:06  Hellion  
  28  3:08  SCV  
  31  3:21  SCV  
  31  3:26  Hellion, Supply Depot  
  34  3:27  Hellion  
  34  3:29  SCV  
  37  3:36  Viking  
  40  3:41  SCV x2  
  41  3:52  Hellion x2  
  41  3:53  SCV x2  
  47  3:58  Supply Depot  
  47  4:06  Medivac  
  47  4:08  SCV  
  50  4:10  SCV  
  50  4:13  Hellion  
  53  4:19  Armory  
  53  4:20  Liberator, Hellion  
  53  4:23  SCV x2  
  57  4:35  SCV x2  
  61  4:47  SCV x2  
  61  4:48  Hellion x2  
  61  4:49  Supply Depot  
  67  4:59  SCV  
  67  5:00  SCV  
  63  5:17  Hellion x2, SCV x2  
  69  5:21  Command Center  
  69  5:23  Starport Tech Lab  
  69  5:25  Armory  
  69  5:26  Refinery  
  69  5:28  Refinery  
  51  5:44  Hellion  
  51  5:45  Hellion  
  51  5:46  SCV  
  51  5:48  Factory  
  56  5:55  SCV  
  57  5:58  SCV  
  55  6:07  SCV  
  55  6:08  Hellion x2  
  55  6:10  SCV  
  64  6:16  Barracks Reactor  
  64  6:19  Factory, SCV  
  64  6:23  SCV  
Tags
 
Add a new tag
Caveats
  • Supply blocks, unpowered buildings, or Contaminate may cause inaccurate times.
  • Supply counts are checked every 10 seconds.